 Dungeon Sprint DCSS version 0.16-a0-3803-gd4b2de5 (webtiles) character file.

11800000 PolkaDot the Axe Maniac (level 27, -2/268 (273) HPs)
             Began as a Yellow Draconian Gladiator on Jan 26, 2015.
             Was the Champion of Makhleb.
             Killed from afar by a dread (19 damage)
             ... with a blast of hellfire
             ... in the Dungeon (Sprint VIII: "Arena of Blood").
             The game lasted 00:06:08 (118 turns).

PolkaDot the Axe Maniac (Yellow Draconian Gladiator) Turns: 118, Time: 00:06:09

HP:   -2/268 (273)  AC: 13    Str: 17    XL:     27
MP:   37/49         EV: 38    Int: 11    God:    Makhleb [******]
Gold: 0             SH:  0    Dex: 23    Spells: 0 memorised, 80 levels left

rFire  . . .     SeeInvis .     b - +∞ Axe of Woe
rCold  . . .     Clarity  .     (armour unavailable)
rNeg   . . .     SustAb   .     (no shield)
rPois  .         Gourm    .     c - +0 hat
rElec  .         Spirit   .     (no cloak)
rCorr  +         Warding  .     (no gloves)
rMut   .         NoTele   +     (no boots)
MR     ++...                    (no amulet)
Stlth  ++++++++..               (no ring)
                                (no ring)

@: lethally poisoned, exhausted, non-regenerating, rotting, diseased, slowed,
very slow, very resistant to hostile enchantments, extraordinarily stealthy
A: spit acid, acid resistance, unfitting armour, acidic bite, cold-blooded, AC
+13
a: Spit Acid, Minor Destruction, Lesser Servant of Makhleb, Major Destruction,
Greater Servant of Makhleb, Renounce Religion


You were in the Dungeon.
You worshipped Makhleb.
Makhleb was exalted by your worship.
You were not hungry.

You visited 1 branch

Inventory:

Hand weapons
 b - the +∞ Axe of Woe (weapon)
   (You found it in the Dungeon)
Missiles
 d - 3 throwing nets (quivered)
Armour
 c - a +0 hat (worn)
Scrolls
 k - a scroll of blinking
Potions
 h - a potion of haste
 i - 2 potions of magic
Comestibles
 f - a bread ration


   Skills:
 O Level 27 Fighting
 O Level 27 Axes
 O Level 27 Throwing
 O Level 27 Dodging
 O Level 27 Stealth
 O Level 27 Unarmed Combat
 O Level 27 Spellcasting
 O Level 27 Invocations


You had 80 spell levels left.
You didn't know any spells.

Dungeon Overview and Level Annotations

Branches:
Dungeon (1/1)

Altars:
Makhleb


Innate Abilities, Weirdness & Mutations

You can spit globs of acid.
You can corrode armour when you spit acid.
You are resistant to acid.
Your golden yellow scales are hard (AC +13).
Your body does not fit into most forms of armour.
You have acidic saliva.
Your cold-blooded metabolism reacts poorly to cold.


Message History

A hydra and an ogre come into view.
You feel your flesh rotting away.
You feel very sick.
You hear a shout! x2
The meat berserker rages.
You hear a shout! x3
The fleshlord casts a spell at you.
You feel as though you will be slow longer.
The dread throws hellfire at you.
The hellfire explodes!
The blast of hellfire engulfs you!
* * * LOW HITPOINT WARNING * * *
You hear a shout!
The eight-headed meat hydra calls on the powers of darkness!
The eight-headed meat hydra convulses!
The fleshlord convulses!
Your body is wracked with pain!
* * * LOW HITPOINT WARNING * * *
The meat berserker convulses!
You hear a shout!
The dread throws hellfire at you.
The hellfire explodes!
The blast of hellfire engulfs you!
You die...

..##.##...)........
........))..........
.....#.#)))....#.....
........))))†.####.....
......O.))))..V........
........)))..§%§.....#.
.........))).W..%§.......
.....D.).)....)%%W....#..
..#...%...#p@...)O....... .o
#.......#...%.§...W.##.
...###.....))###p%.........
.........###)))....%.....###
#.....).)_.)))...%.......§
.......#).).)#.......#.#...
..... #_.<._#............
.... #)....#......#.#.# #..
....._...........


You could see an eight-headed meat hydra, a destroyer, 2 fleshlords, 3 dreads
and 2 meat berserkers.

Vanquished Creatures
  Edmund (D)
  2 great orbs of eyes (D)
  4 greater mummies (D)
  6 hell beasts (D)
  A hell knight (D)
  5 hill giants (D)
  2 hydras (D)
  A lich (D)
  23 ogres (D)
  56 orcs (D)
  5 skeletal warriors (D)
  13 vampire knights (D)
  3 wraiths (D)
  2 sea snakes (D)
  4 large abominations (D)
  2 tentacled monstrosities (D)
  A reaper (D)
  A soul eater (D)
  4 small abominations (D)
  2 crawling corpses (D)
138 creatures vanquished.

Vanquished Creatures (others)
  10 crawling corpses (D)
10 creatures vanquished.

Grand Total: 148 creatures vanquished

Notes
Turn   | Place    | Note
--------------------------------------------------------------
     0 | D        | PolkaDot, the Draconian Gladiator, began the quest for the Orb.
     0 | D        | Reached XP level 1. HP: 17/17 MP: 1/1
     3 | D        | Noticed a bag of meat
     4 | D        | Noticed a meat berserker
     5 | D        | Became a worshipper of Makhleb the Destroyer
     7 | D        | Noticed a meat berserker
     7 | D        | Killed a meat berserker
     7 | D        | Reached skill level 15 in Fighting
     7 | D        | Reached XP level 2. HP: 20/48 MP: 2/2
     7 | D        | Reached XP level 3. HP: 22/55 MP: 3/3
     7 | D        | Reached XP level 4. HP: 24/62 MP: 4/4
     7 | D        | Reached XP level 5. HP: 26/69 MP: 5/5
     7 | D        | Reached XP level 6. HP: 29/77 MP: 6/6
     7 | D        | Your scales start taking on a golden yellow colour.
     7 | D        | Reached XP level 7. HP: 31/83 MP: 7/7
     7 | D        | Reached XP level 8. HP: 33/91 MP: 8/8
     7 | D        | Reached XP level 9. HP: 35/97 MP: 9/9
     7 | D        | Reached XP level 10. HP: 37/105 MP: 10/10
     7 | D        | Reached XP level 11. HP: 39/112 MP: 11/11
     7 | D        | HP: 3/112 [bag of meat/+9 war axe (36)]
     8 | D        | Noticed a bag of meat
     8 | D        | Killed a bag of meat
     8 | D        | Acquired Makhleb's first power
     8 | D        | Reached skill level 17 in Fighting
     8 | D        | Reached skill level 15 in Dodging
     8 | D        | Reached XP level 12. HP: 3/125 MP: 12/12
     9 | D        | Noticed a bag of meat
     9 | D        | Noticed a bag of meat
     9 | D        | Noticed a bag of meat
    10 | D        | Noticed a meat berserker
    10 | D        | Killed a meat berserker
    10 | D        | Reached skill level 18 in Fighting
    10 | D        | Reached XP level 13. HP: 60/136 MP: 13/13
    11 | D        | Noticed a bag of meat
    11 | D        | Killed a bag of meat
    11 | D        | Acquired Makhleb's second power
    11 | D        | Reached skill level 19 in Fighting
    12 | D        | Noticed a bag of meat
    13 | D        | Noticed a bag of meat
    13 | D        | Killed a bag of meat
    13 | D        | Reached skill level 20 in Fighting
    13 | D        | Gained mutation: You have acidic saliva. [draconian growth]
    13 | D        | Reached XP level 14. HP: 101/149 MP: 14/14
    14 | D        | Noticed a meat berserker
    15 | D        | Noticed a meat berserker
    16 | D        | Killed a bag of meat
    16 | D        | Acquired Makhleb's third power
    16 | D        | Reached skill level 21 in Fighting
    17 | D        | Noticed a bag of meat
    17 | D        | Noticed a bag of meat
    17 | D        | Killed a bag of meat
    17 | D        | Reached skill level 22 in Fighting
    17 | D        | Reached XP level 15. HP: 154/160 MP: 15/15
    18 | D        | Noticed a bag of meat
    18 | D        | Killed a bag of meat
    18 | D        | Reached skill level 23 in Fighting
    19 | D        | Noticed a bag of meat
    20 | D        | Noticed a meat berserker
    20 | D        | Noticed a meat berserker
    20 | D        | Killed a meat berserker
    20 | D        | Acquired Makhleb's fourth power
    21 | D        | Noticed a bag of meat
    21 | D        | Noticed a meat berserker
    21 | D        | Killed a bag of meat
    21 | D        | Reached skill level 1 in Stealth
    21 | D        | Killed a bag of meat
    21 | D        | Reached skill level 24 in Fighting
    21 | D        | Reached XP level 16. HP: 174/174 MP: 16/16
    23 | D        | Noticed a bag of meat
    23 | D        | Killed a meat berserker
    23 | D        | Acquired Makhleb's fifth power
    23 | D        | Reached skill level 25 in Axes
    23 | D        | Killed a bag of meat
    23 | D        | Reached skill level 26 in Axes
    23 | D        | Killed a bag of meat
    23 | D        | Reached skill level 27 in Axes
    23 | D        | Killed a meat berserker
    23 | D        | Reached XP level 17. HP: 185/188 MP: 17/17
    24 | D        | Noticed a bag of meat
    24 | D        | Noticed a bag of meat
    25 | D        | Noticed a destroyer
    25 | D        | Killed a bag of meat
    26 | D        | Noticed a bag of meat
    27 | D        | Noticed a destroyer
    27 | D        | Noticed a meat berserker
    27 | D        | Killed a bag of meat
    27 | D        | Reached skill level 27 in Fighting
    27 | D        | Reached skill level 27 in Dodging
    28 | D        | Killed a meat berserker
    28 | D        | Reached skill level 5 in Stealth
    28 | D        | Killed a bag of meat
    29 | D        | Killed a meat berserker
    29 | D        | Reached skill level 27 in Throwing
    29 | D        | Reached skill level 10 in Stealth
    29 | D        | Reached XP level 18. HP: 200/200 MP: 18/18
    29 | D        | Killed a destroyer
    29 | D        | Reached skill level 15 in Stealth
    30 | D        | Noticed a bag of meat
    30 | D        | Noticed a meat berserker
    30 | D        | Noticed a destroyer
    30 | D        | Killed a meat berserker
    30 | D        | Killed a bag of meat
    30 | D        | Killed a bag of meat
    31 | D        | Noticed a bag of meat
    31 | D        | Noticed a meat berserker
    31 | D        | Killed a destroyer
    33 | D        | Killed a destroyer
    33 | D        | Reached skill level 27 in Stealth
    33 | D        | Reached XP level 19. HP: 207/207 MP: 18/18
    33 | D        | Killed a bag of meat
    33 | D        | Killed a bag of meat
    33 | D        | Reached skill level 10 in Spellcasting
    35 | D        | Noticed a bag of meat
    35 | D        | Noticed a destroyer
    35 | D        | Killed a bag of meat
    36 | D        | Killed a meat berserker
    36 | D        | Reached skill level 15 in Invocations
    38 | D        | Noticed a destroyer
    38 | D        | Killed a meat berserker
    38 | D        | Reached skill level 15 in Spellcasting
    40 | D        | Noticed a large bag of meat
    40 | D        | Noticed a destroyer
    40 | D        | Noticed a sculptor of flesh
    40 | D        | Killed a destroyer
    40 | D        | Reached XP level 20. HP: 216/216 MP: 19/40
    41 | D        | Noticed a bag of meat
    41 | D        | Noticed a bag of meat
    41 | D        | Noticed a meat berserker
    41 | D        | Noticed a bag of meat
    41 | D        | Noticed a bag of meat
    42 | D        | Killed a bag of meat
    43 | D        | Noticed a bag of meat
    43 | D        | Noticed a meat berserker
    43 | D        | Killed a sculptor of flesh
    44 | D        | Noticed a bag of meat
    44 | D        | Noticed a bag of meat
    45 | D        | Noticed a sculptor of flesh
    46 | D        | Killed a destroyer
    47 | D        | Noticed a bag of meat
    47 | D        | Noticed a meat berserker
    47 | D        | Killed a bag of meat
    48 | D        | Noticed a meat berserker
    48 | D        | Killed a meat berserker
    49 | D        | Noticed a large bag of meat
    49 | D        | Noticed a destroyer
    49 | D        | Killed a bag of meat
    50 | D        | Noticed a bag of meat
    50 | D        | Noticed a bag of meat
    50 | D        | Killed a large bag of meat
    50 | D        | Reached XP level 21. HP: 224/224 MP: 21/44
    50 | D        | Killed a sculptor of flesh
    50 | D        | Killed a bag of meat
    51 | D        | Noticed a bag of meat
    51 | D        | Noticed a bag of meat
    51 | D        | Noticed a bag of meat
    51 | D        | Noticed a destroyer
    51 | D        | Killed a destroyer
    51 | D        | Reached skill level 27 in Invocations
    52 | D        | Noticed a meat berserker
    52 | D        | Killed a meat berserker
    52 | D        | Reached skill level 27 in Unarmed Combat
    52 | D        | Killed a bag of meat
    52 | D        | Killed a meat berserker
    52 | D        | Reached skill level 27 in Spellcasting
    52 | D        | Killed a bag of meat
    53 | D        | Noticed a bag of meat
    53 | D        | Noticed a meat berserker
    53 | D        | Noticed a destroyer
    53 | D        | Noticed a destroyer
    53 | D        | Killed a destroyer
    53 | D        | Killed a bag of meat
    53 | D        | Reached XP level 22. HP: 233/233 MP: 22/47
    53 | D        | Killed a bag of meat
    54 | D        | Noticed a bag of meat
    54 | D        | Killed a meat berserker
    54 | D        | Killed a destroyer
    54 | D        | Killed a bag of meat
    55 | D        | Noticed an accursed
    55 | D        | Noticed a bag of meat
    55 | D        | Noticed a bag of meat
    55 | D        | Noticed a meat berserker
    55 | D        | Noticed a large bag of meat
    56 | D        | Noticed a bag of meat
    56 | D        | Noticed a bag of meat
    56 | D        | Noticed a bag of meat
    56 | D        | Killed a meat berserker
    56 | D        | Killed a bag of meat
    57 | D        | Noticed a bag of meat
    57 | D        | Killed a bag of meat
    58 | D        | Noticed a bag of meat
    58 | D        | Noticed a bag of meat
    58 | D        | Noticed a bag of meat
    58 | D        | Noticed a large bag of meat
    58 | D        | Noticed an accursed
    58 | D        | Killed a large bag of meat
    58 | D        | Killed a bag of meat
    58 | D        | Reached XP level 23. HP: 240/240 MP: 23/48
    58 | D        | Killed a bag of meat
    58 | D        | Killed a meat berserker
    59 | D        | Killed a meat berserker
    59 | D        | Killed a bag of meat
    59 | D        | Killed a meat berserker
    60 | D        | Noticed a sculptor of flesh
    60 | D        | Killed a destroyer
    60 | D        | Killed a bag of meat
    61 | D        | Killed a bag of meat
    61 | D        | Killed a bag of meat
    62 | D        | Noticed a destroyer
    62 | D        | Noticed a meat berserker
    62 | D        | Noticed a bag of meat
    62 | D        | Noticed a bag of meat
    63 | D        | Noticed a bag of meat
    63 | D        | Noticed a destroyer
    63 | D        | Killed a large bag of meat
    63 | D        | Reached XP level 24. HP: 99/249 MP: 24/48
    63 | D        | Killed a bag of meat
    63 | D        | Killed a bag of meat
    64 | D        | Noticed a bag of meat
    64 | D        | Noticed a large bag of meat
    64 | D        | Killed a bag of meat
    64 | D        | Killed a bag of meat
    65 | D        | Noticed a meat beast
    65 | D        | Noticed a meat beast
    65 | D        | Noticed a dread
    65 | D        | Noticed a sculptor of flesh
    65 | D        | Killed a destroyer
    65 | D        | Killed a bag of meat
    65 | D        | Killed a bag of meat
    65 | D        | Killed a bag of meat
    66 | D        | Noticed an accursed
    66 | D        | Noticed a destroyer
    66 | D        | Killed a bag of meat
    67 | D        | Noticed a bag of meat
    67 | D        | Killed a meat berserker
    67 | D        | Killed a bag of meat
    67 | D        | Reached XP level 25. HP: 257/257 MP: 25/49
    68 | D        | Noticed a bag of meat
    68 | D        | Killed a sculptor of flesh
    69 | D        | Noticed a meat beast
    69 | D        | Killed a meat beast
    69 | D        | Killed a bag of meat
    69 | D        | Killed a destroyer
    69 | D        | Killed a meat beast
    70 | D        | Noticed a meat berserker
    70 | D        | Killed a bag of meat
    70 | D        | Killed an accursed
    70 | D        | Killed a destroyer
    71 | D        | Killed a large bag of meat
    72 | D        | Noticed a bag of meat
    72 | D        | Noticed a dread
    72 | D        | Killed a bag of meat
    72 | D        | Killed a dread
    73 | D        | Noticed a meat berserker
    73 | D        | Killed a bag of meat
    73 | D        | Reached XP level 26. HP: 266/266 MP: 26/49
    73 | D        | Killed a large bag of meat
    73 | D        | Killed a meat beast
    74 | D        | Noticed a dread
    74 | D        | Noticed a meat beast
    74 | D        | Killed a bag of meat
    75 | D        | Noticed a meat berserker
    75 | D        | Killed an accursed
    75 | D        | Killed a meat berserker
    75 | D        | Killed a sculptor of flesh
    75 | D        | Killed a bag of meat
    76 | D        | Noticed a meat beast
    77 | D        | Noticed a bag of meat
    77 | D        | Killed an accursed
    77 | D        | Killed a meat berserker
    78 | D        | Noticed a bag of meat
    79 | D        | Noticed a meat berserker
    79 | D        | Killed a destroyer
    79 | D        | Killed a meat beast
    80 | D        | Noticed a bag of meat
    80 | D        | Killed a bag of meat
    81 | D        | Noticed a sculptor of flesh
    81 | D        | Killed a meat beast
    82 | D        | Killed a meat berserker
    82 | D        | Killed a bag of meat
    84 | D        | Killed a meat berserker
    84 | D        | Reached XP level 27. HP: 271/273 MP: 29/49
    85 | D        | Killed a dread
    86 | D        | Noticed a bag of meat
    87 | D        | Killed a dread
    88 | D        | Killed a bag of meat
    89 | D        | Killed a bag of meat
    93 | D        | Killed a sculptor of flesh
    94 | D        | Noticed a tyrant
    95 | D        | Killed a bag of meat
    95 | D        | Killed an observer
    96 | D        | Noticed an accursed
    96 | D        | HP: 6/273 [something/fireball (93)]
    98 | D        | Killed an observer
   104 | D        | HP: 19/409 [accursed/divine providence (10)]
   107 | D        | Killed a tyrant
   107 | D        | Killed an accursed
   108 | D        | Noticed The Defiler
   109 | D        | Noticed a dread
   109 | D        | Noticed a bag of meat
   112 | D        | Noticed a fleshlord
   112 | D        | Noticed a dread
   112 | D        | Noticed a meat beast
   113 | D        | Noticed a dread
   113 | D        | Killed The Defiler
   114 | D        | Noticed a destroyer
   114 | D        | Noticed a fleshlord
   114 | D        | Killed a bag of meat
   115 | D        | Noticed a fleshlord
   115 | D        | Noticed a meat berserker
   116 | D        | Killed a meat beast
   116 | D        | Killed a fleshlord
   117 | D        | Noticed a fleshlord
   118 | D        | Noticed a meat berserker
   118 | D        | Killed from afar by a dread

Action                   |  1- 3 |  4- 6 |  7- 9 | 10-12 | 13-15 | 16-18 | 19-21 | 22-24 | 25-27 || total
-------------------------+-------+-------+-------+-------+-------+-------+-------+-------+-------++-------
Melee: Executioner's axe |     1 |       |       |     2 |     7 |     8 |    14 |    12 |    32 ||    76
  Use: Potion            |       |       |       |       |       |       |       |       |     3 ||     3
